 Dungeon Crawl Stone Soup version 0.31-a0-1626-g5cb510d322 (webtiles) character file.

Game seed: 215878436275979511

37 clenchingflame the Poker (level 3, 0/31 HPs)
             Began as a Hill Orc Monk on Jan 13, 2024.
             Slain by a ribbon worm (7 damage)
             ... on level 2 of the Dungeon.
             The game lasted 00:03:09 (964 turns).

clenchingflame the Poker (Hill Orc Monk)             Turns: 964, Time: 00:03:09

Health: 0/31       AC:  2    Str: 15    XL:     3   Next: 41%
Magic:  3/3        EV: 12    Int: 10    God:
Gold:   36         SH:  0    Dex: 13    Spells: 2/2 levels left

rFire   . . .        a - +0 spear
rCold   . . .        d - orb {light}
rNeg    . . .        b - +0 robe
rPois   .            (no helmet)
rElec   .            (no cloak)
rCorr   .            (no gloves)
SInv    .            (no boots)
Will    .....        (no amulet)
Stlth   +            (no ring)
HPRegen 0.25/turn    (no ring)
MPRegen 0.08/turn

%: no passive effects
@: glowing
A: no striking features
a: no special abilities


You were on level 2 of the Dungeon.
You visited 1 branch of the dungeon, and saw 2 of its levels.

You collected 36 gold pieces.

Inventory:

Hand Weapons
 a - a +0 spear (weapon)
 e - a +2 sling of flaming
Missiles
 f - 23 stones (quivered)
 o - 5 boomerangs
Armour
 b - a +0 robe (worn)
 d - an orb of light (worn)
 m - an orb of guile
Scrolls
 g - a scroll of blinking {unknown}
 i - a scroll of identify {unknown}
 k - a scroll of fear {unknown}
 n - a scroll of teleportation {unknown}
Potions
 c - a potion of ambrosia
 h - a potion of attraction {unknown}
 j - 2 potions of curing {unknown}
 l - a potion of enlightenment {unknown}


   Skills:
 - Level 3.6 Fighting
 * Level 4.3 Polearms
 + Level 1.7 Armour
 - Level 2.4 Dodging


You had 2 spell levels left.
You didn't know any spells.
Your spell library was empty.

Dungeon Overview and Level Annotations

Branches:
Dungeon (2/15)

Altars:


Message History

You start resting.
HP restored.
A ribbon worm comes into view.
A goblin comes into view. It is wielding a +0 dagger.
The goblin shouts!
You hear a shout!
An adder comes into view.
A kobold comes into view. It is wielding a +0 short sword.
The goblin moves out of view.
The adder hisses angrily.
The adder barely misses you.
The ribbon worm expels a string of sticky webbing.
The stream of webbing hits you but does no damage.
You are caught in a web!
The adder bites you.
There is a web here.
You struggle to detach yourself from the web.
The adder bites you.
The web tears apart.
The adder bites you. The adder misses you.
You completely miss the adder. The adder bites you but does no damage.
You hit the adder.
The adder is heavily wounded.
The adder misses you.
You hit the adder.
The adder is heavily wounded.
The goblin barely misses you. The adder closely misses you.
You hit the adder.
The adder is almost dead.
The adder misses you. The goblin hits you with a +0 dagger.
You hit the adder.
You kill the adder!
The ribbon worm expels a string of sticky webbing.
The stream of webbing hits you but does no damage.
You are caught in a web!
The goblin hits you with a +0 dagger.
You struggle to detach yourself from the web.
The kobold hits you with a +0 short sword.
The goblin hits you with a +0 dagger. The ribbon worm bites you.
The web tears apart.
The kobold hits you with a +0 short sword.
* * * LOW HITPOINT WARNING * * *
The goblin hits you but does no damage. The ribbon worm bites you!
You die...

#........+. #......#
#..<.....## #......#
####+##.... #......
#......... #.....
#......... ######....
#......... .........
###.###### .......K######
##.# .......g@....####..#
.......w.....'.....# ####
.............####†####...
.............####........
.............#......##...
........###+##......##...
......... #......##...
..(...... #......##...
#......#####


You could see a ribbon worm, a goblin and a kobold.

Vanquished Creatures
  An adder (D:2)
  2 ball pythons (D:1)
  5 bats
  3 endoplasms
  3 hobgoblins
  2 jackals (D:1)
  4 kobolds
  3 quokkas
  2 goblins (D:1)
25 creatures vanquished.

Notes
Turn   | Place    | Note
-------+----------+-------------------------------------------
     0 | D:1      | clenchingflame the Hill Orc Monk began the quest for the
                  | Orb.
     0 | D:1      | Reached XP level 1. HP: 19/19 MP: 1/1
   108 | D:1      | Reached XP level 2. HP: 25/26 MP: 2/2
   141 | D:1      | Reached skill level 1 in Armour
   293 | D:1      | Reached skill level 4 in Polearms
   882 | D:2      | Reached XP level 3. HP: 30/31 MP: 3/3
   964 | D:2      | Slain by a ribbon worm

Illustrated notes

Levels and vault maps discovered:
D:1:      lemuel_arrival_tunnels, layout_basic, minmay_tetromino_t2
D:2:      layout_basic, shapermc_ecumenical_altar_notcrosses

Skill      XL: |  1  2 |
---------------+-------+-----
Armour         | 1 |  1.7
Polearms       | 4 |  4.3
Fighting       | |  3.6
Dodging        | |  2.4

Action                     || total
---------------------------++-------
  Melee: Spear             ||    83
   Stab: Distracted        ||     1
 Armour: Robe              ||    48
  Dodge: Dodged            ||    44

Table legend: (Time is in decaauts)
 A = Elapsed time spent in this place.
 B = Non-inter-level travel time spent in this place.
 C = Inter-level travel time spent in this place.
 D = Time resting spent in this place.
 E = Time spent auto-exploring this place.
 F = Levels seen in this place.
 G = Mean time per level.
                   A        B        C        D        E       F      G
               +--------+--------+--------+--------+--------+-----+--------+
         Total |    956 |    907 |     49 |     48 |    663 |   2 |  478.0 |
       Dungeon |    956 |    907 |     49 |     48 |    663 |   2 |  478.0 |
               +--------+--------+--------+--------+--------+-----+--------+

Top non-repeatable levels by time:
     D:1: 702 daAuts
     D:2: 253 daAuts
